Map: Oxide LE

Players

Nina

  • Race: Protoss Protoss
  • League: Grandmaster

Scarlett - Winner!

  • Race: Zerg Zerg

Event: DreamHack SC2 Masters 2021 Summer

VOD

Have the link to the VOD?

Description

Time

  • Played on: June 5, 2021, 3:44 p.m.
  • Length: 12:47

All games in this series

Show
View Real Time Build Order
Export as new Build Order

Nina Protoss 

Build Orders: 1 Gate Expand, Oracle Opening 

Get SALT Encoding   

  12  0:00  Probe  
  13  0:12  Probe  
  14  0:19  Pylon  
  14  0:25  Probe  
  15  0:31  Assimilator  
  15  0:37  Probe (Chrono Boost)  
  16  0:48  Probe (Chrono Boost)  
  17  0:50  Gateway  
  17  0:53  Probe (Chrono Boost)  
  18  1:03  Probe  
  19  1:15  Probe  
  20  1:28  Nexus  
  20  1:31  Probe  
  21  1:41  Cybernetics Core  
  21  1:44  Probe  
  22  1:51  Assimilator  
  22  1:57  Probe  
  22  2:00  Pylon  
  23  2:15  Adept (Chrono Boost)  
  23  2:18  Probe  
  23  2:19  Stargate  
  26  2:28  Warp Gate  
  26  2:31  Probe  
  26  2:35  Stalker (Chrono Boost)  
  27  2:40  Probe  
  27  2:43  Probe (Chrono Boost)  
  31  2:52  Probe (Chrono Boost)  
  33  3:01  Probe (Chrono Boost)  
  33  3:03  Probe (Chrono Boost)  
  33  3:04  Oracle (Chrono Boost)  
  37  3:08  Probe x2 (Chrono Boost), Assimilator  
  39  3:19  Probe x2, Pylon  
  41  3:28  Gateway  
  41  3:31  Probe  
  41  3:32  Oracle  
  42  3:36  Probe  
  46  3:42  Adept  
  46  3:43  Probe  
  50  3:48  Probe, Pylon  
  50  3:52  Assimilator  
  50  3:56  Probe  
  50  3:57  Stargate  
  50  4:00  Probe  
  52  4:03  Pylon  
  52  4:08  Probe  
  53  4:12  Probe, Oracle (Chrono Boost)  
  57  4:20  Probe  
  57  4:21  Adept  
  60  4:24  Probe  
  61  4:32  Probe  
  61  4:36  Probe  
  63  4:41  Nexus  
  63  4:44  Oracle (Chrono Boost)  
  59  4:53  Adept x2  
  59  4:54  Probe, Oracle (Chrono Boost)  
  67  5:05  Pylon  
  67  5:10  Robotics Facility  
  67  5:12  Pylon  
  67  5:16  Oracle (Chrono Boost)  
  70  5:26  Adept x2  
  73  5:33  Probe  
  70  5:36  Oracle  
  73  5:46  Adept  
  73  5:47  Probe, Adept  
  74  5:50  Probe  
  74  5:52  Twilight Council  
  75  6:02  Nexus  
  75  6:04  Probe, Immortal (Chrono Boost)  
  76  6:05  Pylon  
  76  6:06  Probe  
  76  6:08  Pylon  
  81  6:17  Zealot x2  
  84  6:19  Probe  
  81  6:28  Oracle  
  81  6:29  Probe  
  82  6:36  Gateway  
  82  6:39  Gateway, Immortal  
  84  6:40  Probe  
  84  6:44  Charge  
  84  6:48  Zealot  
  84  6:52  Pylon  
  84  6:53  Gateway  
  86  6:57  Pylon  
  86  7:06  Pylon  
  86  7:08  Gateway  
  86  7:10  Pylon  
  86  7:11  Sentry x2  
  86  7:15  Probe x2, Shield Battery  
  92  7:22  Warp Prism  
  94  7:23  Probe  
  94  7:28  Gateway  
  92  7:30  Probe  
  92  7:33  Sentry  
  92  7:34  Probe  
  96  7:37  Sentry x3  
  96  7:38  Probe  
  103  7:45  Probe  
  103  7:46  Probe  
  103  7:49  Pylon  
  103  7:50  Pylon  
  105  7:55  Zealot  
  105  7:56  Probe  
  105  7:57  Probe, Zealot  
  111  7:59  Gateway  
  111  8:03  Zealot x2  
  115  8:07  Probe  
  115  8:08  Probe  
  117  8:18  Templar Archives  
  117  8:19  Observer, Zealot x4  
  126  8:27  Probe x2  
  126  8:28  Assimilator  
  126  8:32  Phoenix x2  
  132  8:34  Zealot x2  
  120  8:49  Probe  
  120  8:50  Probe  
  120  8:52  Zealot x4  
  126  8:56  Phoenix  
  126  8:57  Phoenix  
  120  9:03  High Templar x2  
  120  9:04  Forge  
  120  9:07  Assimilator  
  124  9:10  Archon, Shield Battery  
  124  9:16  High Templar  
  118  9:18  Warp Prism (Chrono Boost)  
  118  9:21  Phoenix, Shield Battery  
  120  9:26  Phoenix  
  120  9:27  Zealot  
  120  9:40  Psionic Storm  
  120  9:43  Photon Cannon  
  120  9:47  Immortal  
  120  9:51  Photon Cannon  
  124  9:55  Nexus  
  124  9:59  High Templar  
  126  10:02  High Templar  
  126  10:06  Pylon  
  128  10:08  Pylon  
  128  10:09  Protoss Ground Weapons Level 1 (Chrono Boost)  
  128  10:11  Zealot  
  128  10:13  Probe  
  131  10:16  Pylon  
  131  10:20  High Templar  
  133  10:27  Zealot  
  135  10:29  Photon Cannon  
  135  10:30  Photon Cannon  
  132  10:36  Photon Cannon  
  132  10:40  Phoenix x2  
  129  10:46  Archon  
  129  10:47  Archon  
  129  10:49  High Templar x2  
  131  10:52  Zealot x2  
  131  10:53  Zealot x4  
  131  10:56  Immortal  
  147  10:59  Gateway  
  147  11:02  Gateway  
  117  11:14  Zealot x6  
  125  11:23  Zealot x2  
  125  11:25  Archon  
  119  11:35  Immortal (Chrono Boost)  
  119  11:36  High Templar x3  
  119  11:38  Zealot x3  
  119  11:52  Phoenix x2  
  121  11:57  Zealot  
  121  11:59  Nexus  
  121  12:01  High Templar  
  125  12:04  Pylon, Immortal (Chrono Boost)  
  125  12:05  High Templar  
  131  12:12  Archon  
  123  12:22  Zealot x5  
  117  12:23  Zealot  
  117  12:26  Zealot x2  
Show
View Real Time Build Order
Export as new Build Order

Scarlett Zerg - Winner!

Build Orders: Hatch First, Muta Ling Bane 

Get SALT Encoding   

  12  0:01  Drone  
  13  0:12  Overlord  
  13  0:17  Drone  
  14  0:30  Drone x2  
  16  0:43  Drone  
  17  0:53  Hatchery  
  17  0:55  Drone  
  17  0:57  Drone  
  18  1:10  Extractor  
  17  1:12  Spawning Pool  
  17  1:15  Drone  
  18  1:18  Drone  
  18  1:27  Drone  
  19  1:38  Drone  
  20  1:48  Overlord  
  20  1:59  Queen  
  22  2:04  Zergling x2  
  22  2:05  Drone, Queen  
  26  2:11  Metabolic Boost  
  26  2:12  Drone  
  27  2:16  Drone  
  27  2:22  Drone  
  30  2:30  Drone  
  30  2:34  Hatchery  
  29  2:41  Queen  
  29  2:43  Zergling x2  
  32  2:48  Overlord  
  32  2:50  Drone  
  33  2:54  Zergling x2  
  34  2:58  Zergling x2  
  34  2:59  Drone  
  36  3:09  Overlord  
  36  3:12  Drone x5  
  41  3:17  Overlord  
  41  3:21  Overlord  
  41  3:25  Spore Crawler  
  40  3:30  Drone x3  
  43  3:35  Queen  
  43  3:40  Drone x2  
  47  3:43  Drone  
  48  3:49  Drone  
  48  3:50  Drone x3  
  48  3:54  Queen  
  54  3:59  Drone x3  
  57  4:06  Overlord  
  57  4:09  Zergling x8  
  61  4:17  Roach Warren  
  60  4:19  Zergling x6  
  60  4:21  Extractor  
  60  4:22  Zergling x2  
  60  4:23  Zergling x6  
  66  4:26  Zergling x4  
  68  4:35  Drone x4  
  68  4:42  Queen  
  68  4:45  Drone x3  
  68  4:51  Drone x4  
  71  4:53  Drone  
  71  4:57  Spore Crawler  
  71  5:02  Spore Crawler  
  71  5:03  Drone x3  
  72  5:07  Drone  
  72  5:09  Overlord x2  
  72  5:14  Drone  
  73  5:16  Drone x2  
  73  5:17  Overlord  
  73  5:19  Lair  
  73  5:28  Drone x7  
  77  5:35  Extractor x2  
  73  5:36  Evolution Chamber  
  73  5:38  Zergling x16  
  78  5:45  Zergling x2  
  78  5:50  Queen x2  
  78  5:52  Extractor  
  78  5:53  Extractor  
  78  5:55  Drone x6  
  86  6:02  Drone x2  
  88  6:07  Drone x6  
  88  6:09  Zerg Missile Weapons Level 1  
  92  6:19  Hatchery  
  92  6:22  Queen  
  89  6:26  Queen  
  89  6:27  Drone x4  
  89  6:28  Drone  
  87  6:37  Drone x8  
  94  6:41  Spore Crawler  
  94  6:43  Drone  
  94  6:49  Spire  
  94  6:53  Spore Crawler x2  
  90  6:56  Drone x2  
  90  6:57  Glial Reconstitution  
  90  6:58  Spore Crawler  
  90  7:01  Overseer  
  91  7:06  Drone x4, Spore Crawler  
  94  7:11  Overlord x2  
  94  7:13  Overlord x2  
  94  7:25  Spore Crawler  
  94  7:51  Drone x20  
  113  8:02  Baneling Nest  
  113  8:04  Mutalisk x9  
  130  8:06  Extractor x2  
  130  8:07  Zerg Flyer Weapons Level 1  
  130  8:08  Mutalisk, Zerg Melee Weapons Level 1  
  130  8:11  Hatchery  
  129  8:13  Mutalisk x2  
  129  8:19  Mutalisk  
  135  8:21  Overlord x3  
  135  8:27  Mutalisk  
  132  8:39  Extractor  
  132  8:40  Extractor  
  128  8:42  Mutalisk x6  
  124  9:01  Centrifical Hooks, Roach x9  
  142  9:04  Queen x2  
  142  9:09  Drone  
  147  9:16  Overlord x4  
  145  9:23  Drone  
  145  9:25  Hydralisk Den  
  145  9:26  Drone  
  145  9:28  Zergling x2  
  145  9:29  Zergling x6  
  149  9:39  Hatchery  
  148  9:51  Overlord  
  148  9:54  Roach x9  
  148  9:55  Roach  
  148  9:56  Zergling x2  
  169  10:01  Ravager x9  
  169  10:05  Muscular Augments  
  169  10:06  Zerg Missile Weapons Level 2  
  178  10:11  Hydralisk x3  
  178  10:13  Hatchery, Zergling x8  
  187  10:16  Queen  
  189  10:24  Zergling x14  
  196  10:31  Baneling x16  
  195  10:43  Infestation Pit  
  195  10:46  Hydralisk x3  
  196  10:52  Hydralisk  
  196  10:53  Zergling x2  
  199  10:59  Evolution Chamber  
  199  11:03  Hydralisk  
  199  11:04  Hydralisk x3  
  189  11:09  Hydralisk  
  189  11:10  Hydralisk x5  
  191  11:13  Hydralisk x3  
  187  11:28  Hydralisk x6  
  182  11:36  Drone x6  
  182  11:37  Drone x2  
  182  11:38  Drone x6  
  196  11:44  Zergling x6  
  197  11:49  Zergling x6  
  198  12:02  Spine Crawler  
  198  12:03  Spine Crawler  
  198  12:04  Spine Crawler  
  198  12:05  Baneling x7, Spine Crawler  
  198  12:06  Zergling x12  
  191  12:18  Zergling x2  
  191  12:19  Zergling x20  
  192  12:26  Zergling x10  
Tags
 
Add a new tag
Caveats
  • Supply blocks, unpowered buildings, or Contaminate may cause inaccurate times.
  • Supply counts are checked every 10 seconds.